 Dungeon Crawl Stone Soup version 0.25-a0-614-g73ad250637 (webtiles) character file.

Game seed: 12578573457343144195, levelgen mode: deterministic

12 Amnesiac the Bolt Thrower (level 2, 0/14 HPs)
             Began as a Spriggan Hunter on Mar 17, 2020.
             Succumbed to an adder's poison
             ... on level 1 of the Dungeon.
             The game lasted 00:00:43 (69 turns).

Amnesiac the Bolt Thrower (Spriggan Hunter)           Turns: 69, Time: 00:00:44

Health: 0/14       AC:  2    Str:  8    XL:     2   Next: 20%
Magic:  3/3        EV: 19    Int: 12    God:
Gold:   0          SH:  0    Dex: 16    Spells: 1/1 levels left

rFire    . . .     SeeInvis +   a - +1 hand crossbow
rCold    . . .     Gourm    .   (shield restricted)
rNeg     . . .     Faith    .   c - +0 robe
rPois    .         Spirit   .   (helmet restricted)
rElec    .         Reflect  .   (no cloak)
rCorr    .         Harm     .   (gloves unavailable)
MR       .....                  (boots unavailable)
Stlth    ++........             (no amulet)
HPRegen  0.04/turn              (no ring)
MPRegen  0.08/turn              (no ring)

@: lethally poisoned (0 -> -4), very quick
A: very small, unfitting armour, see invisible, herbivore, speed 3, slow
metabolism 2
a: no special abilities


You were on level 1 of the Dungeon.
You were not hungry.

You visited 1 branch of the dungeon, and saw 2 of its levels.

Inventory:

Hand Weapons
 a - a +1 hand crossbow (weapon)
 b - a +0 short sword
Missiles
 d - 15 bolts (quivered)
Armour
 c - a +0 robe (worn)
Comestibles
 f - a ration


   Skills:
 - Level 1.5 Fighting
 * Level 4.4 Crossbows
 + Level 3.5 Dodging
 - Level 1.5 Stealth


You had one spell level left.
You didn't know any spells.
Your spell library was empty.

Dungeon Overview and Level Annotations

Branches:
Dungeon (2/15)

Altars:


Innate Abilities, Weirdness & Mutations

You are very small and have problems with some larger weapons.
You are too small for most types of armour.
You have supernaturally acute eyesight. (SInv)
You are a herbivore.
You cover ground extremely quickly.
You need to consume almost no food.


Message History

Press: ? - help, Shift-Dir - straight line, f - adder
Aim: an adder (resting)
You shoot a bolt. The bolt hits the adder.
The adder hisses angrily.
The adder is heavily wounded.
Firing (i - inventory)
d - 19 bolts (quivered)
Press: ? - help, Shift-Dir - straight line, f/p - adder
Aim: an adder (heavily wounded)
You shoot a bolt. The bolt closely misses the adder.
A goblin comes into view. It is wielding a +0 club.
Firing (i - inventory)
d - 18 bolts (quivered)
Press: ? - help, Shift-Dir - straight line, f/p - adder
Aim: an adder (heavily wounded)
You shoot a bolt. The bolt barely misses the adder.
The goblin shouts!
The adder bites you.
* * * LOW HITPOINT WARNING * * *
You are lethally poisoned!
The adder poisons you!
Found 23 arrows.
* * * LOW HITPOINT WARNING * * *
You feel sick.
Found 3 gold pieces.
A bat comes into view.
A kobold comes into view.
* * * LOW HITPOINT WARNING * * *
You feel sick.
The kobold shouts!
Found a ration.
Firing (i - inventory)
d - 17 bolts (quivered)
Press: ? - help, Shift-Dir - straight line, f/p - adder
Aim: an adder (moderately wounded)
You shoot a bolt. The bolt hits the adder!
You kill the adder!
You have reached level 2!
* * * LOW HITPOINT WARNING * * *
You feel sick.
An adder comes into view.
Firing (i - inventory)
d - 16 bolts (quivered)
Press: ? - help, Shift-Dir - straight line, f - bat
Aim: a bat You shoot a bolt.
The bolt closely misses the bat.
The adder hisses angrily.
The bat hits you but does no damage. The bat hits you.
* * * LOW HITPOINT WARNING * * *
The bat misses you.
Really attack while wielding your +1 hand crossbow?
Okay, then.
* * * LOW HITPOINT WARNING * * *
You feel sick. The bat misses you. The bat completely misses you.
The bat misses you. The bat hits you but does no damage.
* * * LOW HITPOINT WARNING * * *
You feel sick. The bat completely misses you. The bat barely misses you.
The bat barely misses you. The bat hits you but does no damage.
The bat completely misses you.
There is a stone staircase leading up here.
The bat hits you but does no damage.
You climb upwards.
You die...

###############
#..†..........#
#.##†###'####.#
# #...#...#
#.>.#...#
#...#...#
#.@.#.<.#
#...#...#
#.>.#...#
#...#...#
##+###+##


There were no monsters in sight!

Vanquished Creatures
  An adder (D:2)
  A giant cockroach (D:1)
  A hobgoblin (D:1)
  A bat (D:1)
4 creatures vanquished.

Notes
Turn   | Place    | Note
-------+----------+-------------------------------------------
     0 | D:1      | Amnesiac the Spriggan Hunter began the quest for the Orb.
     0 | D:1      | Reached XP level 1. HP: 10/10 MP: 2/2
    26 | D:2      | Noticed a scorpion
    54 | D:2      | Reached XP level 2. HP: 4/14 MP: 3/3
    69 | D:1      | Succumbed to an adder's poison

Levels and vault maps discovered:
D:1:      minmay_arrival_up_and_down, layout_basic
D:2:      layout_basic, minmay_misc_feat_rows

Action                   || total
-------------------------++-------
Melee: Short sword       ||    17
 Fire: Hand crossbow     ||     6
Armor: Robe              ||     5
Dodge: Dodged            ||    25

Table legend:
 A = Non-vault XP
 B = Vault XP
 C = Vault XP percentage of total XP
 D = Non-vault monster count
 E = Vault monster count
 F = Vault count percentage of total count
                 A         B        C        D         E       F
            +---------+---------+-------+---------+---------+-------
      Total |      18 |       0 |   0.0 |       4 |       0 |   0.0
            +---------+---------+-------+---------+---------+-------
        D:1 |       5 |       0 |   0.0 |       3 |       0 |   0.0
        D:2 |      13 |       0 |   0.0 |       1 |       0 |   0.0
            +---------+---------+-------+---------+---------+-------
